 Dungeon Crawl Stone Soup version 0.31.0-32-g396128a36d (webtiles) character file.

Game seed: 3661565508126147214

121 tizbic2 the Conjurer (level 4, -1/35 HPs)
             Began as a Demigod Conjurer on Mar 18, 2024.
             Killed from afar by Sigmund (13 damage)
             ... with a puff of flame
             ... on level 3 of the Dungeon.
             The game lasted 00:13:56 (2217 turns).

tizbic2 the Conjurer (Demigod Conjurer)             Turns: 2217, Time: 00:13:57

Health: -1/35      AC: 10    Str: 12    XL:     4   Next: 48%
Magic:  10/10      EV:  6    Int: 20    God:
Gold:   108        SH:  0    Dex: 12    Spells: 6/7 levels left

rFire   . . .        a - +1 dagger (drain)
rCold   . . .        (no shield)
rNeg    . . .        d - +0 chain mail
rPois   .            s - +0 helmet
rElec   .            (no cloak)
rCorr   .            (no gloves)
SInv    .            o - +0 pair of boots
Will    .....        (no amulet) Stlth
                     (no ring)
HPRegen 0.25/turn    (no ring)
MPRegen 0.12/turn

%: no passive effects
@: no status effects
A: high MP 1, forlorn, divine attributes
a: no special abilities


You were on level 3 of the Dungeon.
You visited 1 branch of the dungeon, and saw 3 of its levels.

You collected 108 gold pieces.

Inventory:

Hand Weapons
 a - a +1 dagger of draining (weapon)
 e - a +1 falchion of flaming
 q - a +1 sling
 t - a +0 mace
 v - a +0 hand axe
 w - a +0 spear
Missiles
 m - 7 stones (quivered)
 r - 4 poisoned darts
Armour
 d - a +0 chain mail (worn)
 h - the orb of Uziego {*channel, Will++}
   (You acquired it on level 3 of the Dungeon)

   Will++:    It greatly increases your willpower.
 l - a +0 robe
 o - a +0 pair of boots (worn)
 s - a +0 helmet (worn)
Wands
 x - a wand of quicksilver (6)
Scrolls
 c - a scroll of identify
 p - a scroll of teleportation
 y - a scroll of fear {unknown}
Potions
 b - 4 potions of magic
 f - 2 potions of enlightenment
 i - a potion of berserk rage {unknown}
 k - a potion of attraction


   Skills:
 * Level 1.3 Fighting
 + Level 0.8 Polearms
 * Level 1.5 Armour
 + Level 2.2 Dodging
 - Level 1.8 Stealth
 * Level 2.4 Spellcasting
 + Level 4.2 Conjurations


You had 6 spell levels left.
You knew the following spells:

 Your Spells              Type           Power      Damage    Failure   Level
a - Magic Dart            Conj           76%        1d6       56%         1

Your spell library contained the following spells:

 Spells                   Type           Power      Damage    Failure   Level
 Searing Ray              Conj           38%        2d5       71%         2
 Fulminant Prism          Conj/Alch      5%         3d7       100%        4
 Iskenderun's Mystic Bla  Conj/Tloc      10%        2d4       100%        4


Dungeon Overview and Level Annotations

Branches:
Dungeon (3/15)

Annotations:
D:3 Sigmund


Innate Abilities, Weirdness & Mutations

You have an increased reservoir of magic. (+10% MP)
You shall have no god before yourself.
Your divine heritage dramatically boosts your attributes as you level up.


Message History

Sigmund points at you and mumbles some strange words.
The puff of flame hits you.
You hit Sigmund. You drain Sigmund.
Sigmund is lightly wounded.
Sigmund hits you with a +0 scythe!
It was a potion of enlightenment.
You feel very buoyant.
You fly up into the air.
Sigmund hits you but does no damage.
You barely miss Sigmund.
Sigmund is lightly wounded.
It was a potion of heal wounds.
You feel much better. Sigmund hits you but does no damage.
You hit Sigmund but do no damage. You drain Sigmund.
Sigmund is moderately wounded.
Sigmund hits you with a +0 scythe!
You closely miss Sigmund.
Sigmund is moderately wounded.
You hit Sigmund. You punch Sigmund, but do no damage.
Sigmund is moderately wounded.
Sigmund hits you with a +0 scythe!
You hit Sigmund. You drain Sigmund.
Sigmund is heavily wounded.
Sigmund hits you with a +0 scythe.
It was a potion of cancellation.
Your magical effects are unravelling.
You feel magically purged.
You float gracefully downwards.
Your enlightenment fades.
You hit Sigmund but do no damage.
Sigmund is heavily wounded.
Sigmund points at you and mumbles some strange words.
The magic dart hits you but does no damage.
You hit Sigmund but do no damage.
Sigmund is heavily wounded.
Sigmund hits you with a +0 scythe.
You hit Sigmund. You drain Sigmund.
Sigmund is almost dead.
Sigmund gestures at you while chanting. The puff of flame hits you!
You die...
Sigmund begins carving another notch in his scythe.

##.##.. . #.. .....# .#
#.. ###.##.# ..#
#..##......##..#
#..............#
...............#
.##..#.##.#####
#.@#.##.# #
.#.##.@#.##.#########.#
#.>....................#
#.#.................####
#################.# #.#
#.# #############.#
#.ยง...........#
#.#############


You could see Sigmund (very drained).

Vanquished Creatures
  Robin (D:2)
  2 adders (D:2)
  A dart slug (D:1)
  A ribbon worm (D:2)
  An orc (D:2)
  8 ball pythons
  6 bats
  5 endoplasms
  5 giant cockroaches
  10 goblins
  11 hobgoblins
  4 jackals (D:1)
  10 kobolds
  2 quokkas
  5 frilled lizards (D:1)
  3 rats
75 creatures vanquished.

Notes
Turn   | Place    | Note
-------+----------+-------------------------------------------
     0 | D:1      | tizbic2 the Demigod Conjurer began the quest for the Orb.
     0 | D:1      | Reached XP level 1. HP: 14/14 MP: 5/5
   176 | D:1      | Reached XP level 2. HP: 12/20 MP: 7/7
   295 | D:1      | Reached skill level 4 in Conjurations
   731 | D:1      | Reached XP level 3. HP: 24/27 MP: 8/8
  1067 | D:2      | Reached skill level 1 in Fighting
  1067 | D:2      | Reached skill level 1 in Armour
  1324 | D:2      | Noticed Robin
  1346 | D:2      | Reached XP level 4. HP: 23/35 MP: 10/10
  1457 | D:2      | Killed Robin
  1954 | D:3      | Identified a scroll of acquirement
  1954 | D:3      | Acquired the orb of Uziego {*channel, Will++}
  2197 | D:3      | Noticed Sigmund
  2217 | D:3      | Killed from afar by Sigmund

Illustrated notes

Levels and vault maps discovered:
D:1:      elethiomel_arrival_quiet, layout_loops_cross
D:2:      layout_basic, chequers_ecumenical_altar_island, uniq_robin
D:3:      layout_loops_ring, hex_large, uniq_sigmund, uniq_grinder

Skill      XL: |  1  2  3 |
---------------+----------+-----
Spellcasting   | 2 |  2.4
Conjurations   | 4 |  4.2
Dodging        | 2 |  2.2
Fighting       | 1 |  1.3
Armour         | 1 |  1.5
Polearms       | |  0.8
Stealth        | |  1.8

Action                     |  1- 3 |  4- 6 || total
---------------------------+-------+-------++-------
  Melee: Dagger            |    73 |    47 ||   120
         Unarmed           |     1 |       ||     1
         Spear             |   140 |    46 ||   186
         Punch             |     3 |     2 ||     5
         Short sword       |     3 |       ||     3
         Falchion          |       |    12 ||    12
   Fire: Sling             |       |     9 ||     9
  Throw: Stone             |     4 |       ||     4
   Cast: Magic Dart        |     9 |     1 ||    10
    Use: Potion            |     1 |     3 ||     4
         Scroll            |       |     6 ||     6
 Armour: Chain mail        |   231 |    58 ||   289
         Robe              |     3 |       ||     3
  Dodge: Dodged            |    67 |    10 ||    77
